 Dungeon Crawl Stone Soup version 0.31-a0-1626-g5cb510d (webtiles) character file.

Game seed: 13552286596159858207

7 PidgeyThePirate the Trooper (level 1, 0/18 HPs)
             Began as a Demonspawn Monk on Jan 11, 2024.
             Succumbed to Sigmund's poison
             ... on level 2 of the Dungeon.
             The game lasted 00:01:23 (673 turns).

PidgeyThePirate the Trooper (Demonspawn Monk)        Turns: 673, Time: 00:01:24

Health: 0/18       AC:  6    Str: 11    XL:     1   Next: 91%
Magic:  1/1        EV: 11    Int: 10    God:
Gold:   34         SH:  0    Dex: 15    Spells: 0/0 levels left

rFire   . . .        a - +0 short sword
rCold   . . .        d - orb {light}
rNeg    + . .        f - +0 ring mail
rPois   +            (no helmet)
rElec   .            l - +0 cloak
rCorr   .            (no gloves)
SInv    .            (no boots)
Will    .....        h - amulet of guardian spirit
Stlth   +            e - ring of positive energy
HPRegen 0.23/turn    g - ring of poison resistance
MPRegen 0.07/turn

%: guardian spirit
@: lethally poisoned (0 -> -1), glowing
A: no striking features
a: no special abilities


You were on level 2 of the Dungeon.
You visited 1 branch of the dungeon, and saw 2 of its levels.

You collected 34 gold pieces.

Inventory:

Hand Weapons
 a - a +0 short sword (weapon)
Armour
 b - a +0 robe
 d - an orb of light (worn)
 f - a +0 ring mail (worn)
 l - a +0 cloak (worn)
Jewellery
 e - a ring of positive energy (left hand)
 g - a ring of poison resistance (right hand)
 h - an amulet of guardian spirit (around neck)
Scrolls
 j - a scroll of enchant armour {unknown}
 k - a scroll of identify {unknown}
Potions
 c - a potion of ambrosia
 i - a potion of mutation {unknown}
 m - a potion of degeneration {unknown}
 n - a potion of heal wounds {unknown}


   Skills:
 + Level 3.2 Fighting
 + Level 2.8 Short Blades
 + Level 2.7 Dodging
 * Level 0.6 Invocations


You couldn't memorise any spells.
You didn't know any spells.
Your spell library contained the following spells:

 Spells                   Type           Power      Damage    Failure   Level
 Magic Dart               Conj           0%         1d3       67%         1
 Blink                    Tloc           0%         N/A       80%         2
 Call Imp                 Summ           0%         N/A       80%         2


Dungeon Overview and Level Annotations

Branches:
Dungeon (2/15)

Altars:
Ru

Shops:
D:1 (   D:2 =

Annotations:
D:2 Sigmund


Message History

There is a stone staircase leading down here.
You climb downwards.
Found a whip.
There is a stone staircase leading up here.
Found a sacrificial altar of Ru.
Found a stone staircase leading down.
You see here a +0 whip.
Found Vuorph Xodd's Jewellery Emporium.
Found a robe.
Sigmund the Dreaded comes into view.
He is wielding a +1 scythe of venom and wearing a +2 robe of willpower.
Sigmund shouts!
Sigmund is nearby!
You see here a scroll labelled PUUCROREST.
Sigmund hits you but does no damage.
You are poisoned.
You closely miss Sigmund.
You feel sick.
You closely miss Sigmund.
You feel sick.
Sigmund hits you with a +1 scythe of venom!
You closely miss Sigmund.
You feel sick.
You hit Sigmund.
Sigmund is lightly wounded.
You feel sick. Sigmund gestures at you while chanting. The magic dart hits you.
* * * LOW HITPOINT WARNING * * *
You hit Sigmund but do no damage.
Sigmund is lightly wounded.
* * * LOW HITPOINT WARNING * * *
You feel sick.
Sigmund casts a spell.
Sigmund flickers and vanishes for a moment.
You hit Sigmund.
Sigmund is moderately wounded.
Sigmund misses you.
You hit Sigmund but do no damage.
Sigmund is moderately wounded.
* * * LOW HITPOINT WARNING * * *
You feel sick.
You hit Sigmund but do no damage.
Sigmund is moderately wounded.
You die...

~≈..#.#...####.
.≈~∩~≈..#.#........ #
#≈≈≈≈≈.............
#.###.≈≈≈.#............
.....................
...........>........
#....##............
...###.......##..).##.#.
#.....@@..#.....##...<..
######..?##..#####.#####
#.#.##.## #.# #......#
#.# .###.....## ###
.........## ...#.......#
.....#.....#
[....#.#....#


You could see Sigmund (invisible).

Vanquished Creatures
  3 endoplasms (D:1)
  A giant cockroach (D:1)
  A bat (D:1)
  A kobold (D:1)
  A rat (D:1)
7 creatures vanquished.

Notes
Turn   | Place    | Note
-------+----------+-------------------------------------------
     0 | D:1      | PidgeyThePirate the Demonspawn Monk began the quest for the
                  | Orb.
     0 | D:1      | Reached XP level 1. HP: 18/18 MP: 1/1
    25 | D:1      | Found Afoloet's Weapon Shop.
   641 | D:2      | Found a sacrificial altar of Ru.
   648 | D:2      | Found Vuorph Xodd's Jewellery Emporium.
   662 | D:2      | Noticed Sigmund
   673 | D:2      | Succumbed to Sigmund's poison

Illustrated notes

Levels and vault maps discovered:
D:1:      saegor_arrival_simple_e, layout_loops_cross, serial_shops,
          nicolae_shop_bloodbath_and_beyond, minmay_tromino_i2
D:2:      layout_basic, serial_shops, shop, nicolae_shop_waterfront,
          nicolae_shop_tiny_waterfront, shop, basic_altar,
          kennysheep_generic_room_7, uniq_sigmund

Action                     || total
---------------------------++-------
  Melee: Short sword       ||    34
 Armour: Ring mail         ||    24
  Dodge: Dodged            ||    15

Table legend: (Time is in decaauts)
 A = Elapsed time spent in this place.
 B = Non-inter-level travel time spent in this place.
 C = Inter-level travel time spent in this place.
 D = Time resting spent in this place.
 E = Time spent auto-exploring this place.
 F = Levels seen in this place.
 G = Mean time per level.
                   A        B        C        D        E       F      G
               +--------+--------+--------+--------+--------+-----+--------+
         Total |    667 |    607 |     60 |      0 |    484 |   2 |  333.5 |
       Dungeon |    667 |    607 |     60 |      0 |    484 |   2 |  333.5 |
               +--------+--------+--------+--------+--------+-----+--------+

Top non-repeatable levels by time:
     D:1: 635 daAuts
     D:2: 31 daAuts
